 Dungeon Crawl Stone Soup version 0.29-a0-775-g4d7333d4e2 (webtiles) character file.

Game seed: 6573509494117123678

202 howech the Twirler (level 5, -2/45 HPs)
             Began as a Minotaur Gladiator on July 1, 2022.
             Slain by a two-headed ogre
             ... wielding a +0 giant club
              (14 damage)
             ... on level 4 of the Dungeon.
             The game lasted 00:10:01 (2992 turns).

howech the Twirler (Minotaur Gladiator)             Turns: 2992, Time: 00:10:02

Health: -2/45      AC: 10    Str: 19 (21) XL:     5   Next: 50%
Magic:  4/4        EV:  8    Int:  2 (5)  God:
Gold:   86         SH:  0    Dex: 12 (13) Spells: 4/4 levels left

rFire   . . .      SeeInvis .   a - +0 quarterstaff
rCold   . . .      Faith    .   (shield currently unavailable)
rNeg    + . .      Spirit   .   h - +0 chain mail
rPois   .          Reflect  .   c - +0 hat
rElec   .          Harm     .   r - +1 cloak "Ryl Jaiv" {rN+ Str+2}
rCorr   .          Rampage  .   (no gloves)
Will    .....                   (no boots)
Stlth   ..........              (no amulet)
HPRegen 0.15/turn               m - +4 ring of slaying
MPRegen 0.09/turn               (no ring)

@: no status effects
A: horns 2, retaliatory headbutt
a: no special abilities


You were on level 4 of the Dungeon.
You visited 1 branch of the dungeon, and saw 4 of its levels.
You also visited: Sewer.

You collected 86 gold pieces.

Inventory:

Hand Weapons
 a - a +0 quarterstaff (weapon)
 f - a +0 hand axe
Missiles
 e - a javelin (quivered)
 k - 4 atropa-tipped darts
 p - 3 poisoned darts
Armour
 c - a +0 hat (worn)
 h - a +0 chain mail (worn)
 q - a scarf of repulsion
 r - the +1 cloak "Ryl Jaiv" (worn) {rN+ Str+2}
   (You found it on level 3 of the Dungeon)

   Str:       It affects your strength (+2).
   rN:        It protects you from negative energy.
Jewellery
 m - a +4 ring of slaying (left hand)
Wands
 g - a wand of flame (29)
Scrolls
 l - 3 scrolls of fear
 n - a scroll of identify
 o - a scroll of fog
 s - a scroll of enchant armour {unknown}
 t - 2 scrolls of enchant weapon {unknown}
 u - a scroll of blinking {unknown}
 w - a scroll of acquirement {unknown}
Potions
 b - 3 potions of brilliance
 i - 2 potions of curing
 j - 2 potions of might
 x - 2 potions of heal wounds


   Skills:
 + Level 3.2 Fighting
 + Level 1.8 Axes
 + Level 4.3 Staves
 + Level 2.7 Throwing
 + Level 1.9 Armour
 + Level 4.0 Dodging
 + Level 1.4 Stealth
 + Level 1.3 Evocations


You had 4 spell levels left.
You didn't know any spells.
Your spell library was empty.

Dungeon Overview and Level Annotations

Branches:
Dungeon (4/15)              Sewer (visited)
 Temple: D:4-7

Altars:
Zin

Shops:
D:3 *


Innate Abilities, Weirdness & Mutations

You have a pair of horns on your head.
You reflexively headbutt those who attack you in melee.


Message History

There is a stone staircase leading up here.
What are your orders? t - Shout!
Orders for allies: a - Attack new target. r - Retreat! s - Stop attacking. g - Guard the area. f - Follow me.
Anything else - Cancel.
Okay, then.
Throw: 2 throwing nets
Press: ? - help, Q - select action, (/) - cycle Shift-Dir - straight line, f - two-headed ogre
Aim: a two-headed ogre, wielding a +0 giant club and a +0 dire flail (77% to hit)
You throw a throwing net.
The throwing net hits the two-headed ogre.
The two-headed ogre is caught in the net!
The two-headed ogre struggles against the net.
You sock the two-headed ogre!
The two-headed ogre is lightly wounded.
The two-headed ogre struggles against the net.
You hit the two-headed ogre. You headbutt the two-headed ogre.
The two-headed ogre is moderately wounded.
The two-headed ogre struggles against the net.
You sock the two-headed ogre!
The two-headed ogre is heavily wounded.
The two-headed ogre struggles against the net.
The net rips apart, and the two-headed ogre comes free!
The two-headed ogre hits you with a +0 giant club!!
The two-headed ogre hits you with a +0 dire flail.
Unknown command.
Throw: throwing net
Press: ? - help, Q - select action, (/) - cycle Shift-Dir - straight line, f/p - two-headed ogre
Aim: a two-headed ogre, wielding a +0 giant club and a +0 dire flail (heavily wounded, 77% to hit)
You throw a throwing net.
The throwing net barely misses the two-headed ogre.
You sock the two-headed ogre!
Your headbutt misses the two-headed ogre.
The two-headed ogre is severely wounded.
The two-headed ogre hits you with a +0 giant club!
* * * LOW HITPOINT WARNING * * *
The two-headed ogre hits you with a +0 dire flail!
You die...

#########
#........
#..>.....
##<.......
#.@.......
#..O###....
#....## #..
##... .
.....
...#..
.##....
#....


You could see a two-headed ogre.

Vanquished Creatures
  Pargi (Sewer)
  5 adders (D:3)
  An ufetubus (D:3)
  4 worms
  2 dart slugs
  2 ball pythons
  2 endoplasms
  4 giant cockroaches
  A hobgoblin (D:1)
  3 quokkas
  4 bats
  8 frilled lizards
  2 goblins (D:1)
  6 kobolds
  5 rats
  A spectral goblin (D:2)
51 creatures vanquished.

Notes
Turn   | Place    | Note
-------+----------+-------------------------------------------
     0 | D:1      | howech the Minotaur Gladiator began the quest for the Orb.
     0 | D:1      | Reached XP level 1. HP: 18/18 MP: 0/0
   288 | D:1      | Reached XP level 2. HP: 17/25 MP: 1/1
  1240 | D:2      | Reached XP level 3. HP: 18/30 MP: 2/2
  1507 | D:2      | Found a faded altar of an unknown god.
  1514 | D:2      | Reached skill level 1 in Armour
  2185 | D:3      | Reached skill level 1 in Axes
  2230 | D:3      | Found Zin's Purification Station.
  2233 | D:3      | Found a glowing silver altar of Zin.
  2274 | D:3      | Reached skill level 1 in Stealth
  2342 | D:3      | Identified the +1 cloak "Ryl Jaiv" {rN+ Str+2}
  2390 | D:3      | Found a glowing drain.
  2410 | D:3      | Reached XP level 4. HP: 37/37 MP: 3/3
  2415 | D:3      | Reached skill level 1 in Evocations
  2423 | Sewer    | Entered a sewer
  2521 | Sewer    | Noticed Pargi
  2530 | Sewer    | Killed Pargi
  2531 | Sewer    | Reached XP level 5. HP: 45/45 MP: 4/4
  2985 | D:4      | Noticed a two-headed ogre
  2992 | D:4      | Slain by a two-headed ogre

Illustrated notes

Levels and vault maps discovered:
D:1:      psy_arrival_fountain, layout_basic
D:2:      layout_loops_corners, dreamdust_ecumenical_altar_drowned_temple,
          minmay_pentomino_z2
D:3:      layout_basic, zin_purify, gup_sewer_entry_glass
D:4:      cheibrodos_old_hovel, layout_cave_pools,
          mainiacjoe_overflow_surrounded_room, lemuel_coloured_pillars_altar,
          nicolae_ossuary_entry_monument, minmay_hedge_maze, uniq_grinder,
          uniq_crazy_yiuf_cottage

Skill      XL: |  1  2  3  4 |
---------------+-------------+-----
Armour         | 1 |  1.9
Axes           | 1 |  1.8
Stealth        | 1 |  1.4
Staves         | 4 |  4.3
Fighting       | 3 |  3.2
Evocations     | 1 |  1.3
Dodging        | 4 |  4.0
Throwing       | |  2.7

Action                   |  1- 3 |  4- 6 || total
-------------------------+-------+-------++-------
Melee: Quarterstaff      |    81 |    34 ||   115
       Headbutt          |    17 |     5 ||    22
Throw: Throwing net      |       |     4 ||     4
  Use: Scroll            |     4 |     3 ||     7
       Potion            |       |     4 ||     4
 Stab: Held in net/web   |       |     1 ||     1
Armor: Leather armour    |     5 |       ||     5
       Chain mail        |    18 |    18 ||    36
Dodge: Dodged            |    29 |    11 ||    40

Table legend: (Time is in decaauts)
 A = Elapsed time spent in this place.
 B = Non-inter-level travel time spent in this place.
 C = Inter-level travel time spent in this place.
 D = Time resting spent in this place.
 E = Time spent auto-exploring this place.
 F = Levels seen in this place.
 G = Mean time per level.
                   A        B        C        D        E       F      G
               +--------+--------+--------+--------+--------+-----+--------+
         Total |   3053 |   2869 |    184 |    245 |   1941 |   5 |  610.6 |
       Dungeon |   2760 |   2576 |    184 |    212 |   1842 |   4 |  690.0 |
         Sewer |    293 |    293 |      0 |     33 |     98 |   1 |  293.0 |
               +--------+--------+--------+--------+--------+-----+--------+

Top non-repeatable levels by time:
     D:2: 1096 daAuts
     D:1: 1066 daAuts
     D:3: 590 daAuts
   Sewer: 293 daAuts
     D:4: 6 daAuts
